 Dungeon Crawl Stone Soup version 0.21.1-1-g345015f (webtiles) character file.

102 Lilu the Skirmisher (level 4, -8/40 HPs)
             Began as a Draconian Berserker on June 18, 2018.
             Was a Believer of Trog.
             Mangled by fleezle's ghost (14 damage)
             ... on level 3 of the Dungeon.
             The game lasted 00:10:04 (1753 turns).

Lilu the Skirmisher (Draconian Berserker)           Turns: 1753, Time: 00:10:05

Health: -8/40      AC:  6    Str: 24    XL:     4   Next: 49%
Magic:  4/4        EV: 13    Int:  7    God:    Trog [**....]
Gold:   38         SH:  0    Dex: 10    Spells: 3/3 levels left

rFire    . . .     SeeInvis .   l - +1 dagger (drain)
rCold    . . .     Gourm    .   (no shield)
rNeg     . . .     Faith    .   (armour unavailable)
rPois    .         Spirit   .   (helmet restricted)
rElec    .         Reflect  .   (no cloak)
rCorr    .         Harm     .   n - +0 pair of gloves
MR       .....                  (no boots)
Stlth    +.........             (no amulet)
HPRegen  0.13/turn              k - +3 ring of strength
MPRegen  0.09/turn              (no ring)

@: no status effects
A: unfitting armour, cold-blooded, AC +5
a: Berserk, Trog's Hand, Burn Spellbooks, Renounce Religion


You were on level 3 of the Dungeon.
You worshipped Trog.
Trog was pleased with you.
You were not hungry.

You visited 1 branch of the dungeon, and saw 3 of its levels.

You collected 38 gold pieces.

Inventory:

Hand Weapons
 a - a +0 falchion
 h - a cursed +0 short sword
 l - a +1 dagger of draining (weapon)
 y - a +0 whip
 A - a +0 falchion
Missiles
 i - 37 sling bullets
 m - 30 stones (quivered)
 G - 4 large rocks
Armour
 f - a +0 ring mail
 n - a +0 pair of gloves (worn)
 p - a +0 ring mail
 t - a cursed +0 robe
 v - a +0 plate armour
 z - a +0 leather armour
 C - a +0 chain mail
Jewellery
 k - a +3 ring of strength (left hand)
Wands
 x - a wand of paralysis (11)
Scrolls
 d - a scroll of fear {unknown}
 e - a scroll of remove curse {unknown}
 g - 2 scrolls of enchant weapon {unknown}
 j - a scroll of fog {unknown}
 o - a scroll of amnesia {unknown}
 q - 2 scrolls of enchant armour {unknown}
 r - a scroll of magic mapping {unknown}
 u - 3 scrolls of identify {unknown}
 w - a scroll of blinking {unknown}
Potions
 c - 2 potions of degeneration {unknown}
 s - a potion of flight {unknown}
 B - a potion of curing {unknown}
 D - a potion of ambrosia {unknown}
 E - a potion of cancellation {unknown}
 F - 2 potions of lignification {unknown}
Comestibles
 b - 10 rations


   Skills:
 + Level 4.2 Fighting
 + Level 1.4(2.8) Short Blades
 + Level 3.8(4.0) Long Blades
 + Level 3.1 Dodging
 + Level 0.4 Stealth


You had 3 spell levels left.
You didn't know any spells.

Dungeon Overview and Level Annotations

Branches:
Dungeon (3/15)

Altars:
Okawaru

Annotations:
D:3 fleezle's ghost, amateur MiFi


Innate Abilities, Weirdness & Mutations

Your plain brown scales are hard. (AC +5)
You cannot fit into any form of body armour.
You are cold-blooded and may be slowed by cold attacks.


Message History

Fleezle's ghost hits you.
You hit fleezle's ghost but do no damage.
Fleezle's ghost is lightly damaged.
Fleezle's ghost barely misses you.
You hit fleezle's ghost.
You tail-slap fleezle's ghost, but do no damage.
Fleezle's ghost is lightly damaged.
Fleezle's ghost completely misses you.
You hit fleezle's ghost.
Fleezle's ghost is lightly damaged.
Fleezle's ghost hits you!
You closely miss fleezle's ghost.
Fleezle's ghost is lightly damaged.
Fleezle's ghost closely misses you.
You hit fleezle's ghost.
Fleezle's ghost is lightly damaged.
Fleezle's ghost hits you!
* * * LOW HITPOINT WARNING * * *
Fleezle's ghost hits you!
You die...

###### ###....#
#.†..#.# #†#..#.#
###.#....# #...#....#
#.###...<#
######.#@.....#
..........W..÷.......
.....##.#.#...##.###.
#### #.#.#.......#
..#.......#...
####.......#..##
#.......# .#
#........ ######


You could see fleezle's ghost.

Vanquished Creatures
  A bullfrog skeleton (D:2)
  2 adders (D:2)
  A worm (D:2)
  2 dart slugs
  A leopard gecko (D:2)
  3 giant cockroaches
  5 goblins
  6 hobgoblins
  4 jackals (D:3)
  2 kobolds (D:1)
  A quokka (D:2)
  4 bats
  A frilled lizard (D:2)
  11 rats
44 creatures vanquished.

Notes
Turn   | Place    | Note
-------+----------+-------------------------------------------
     0 | D:1      | Lilu the Draconian Berserker began the quest for the Orb.
     0 | D:1      | Reached XP level 1. HP: 19/19 MP: 1/1
   181 | D:1      | Reached XP level 2. HP: 12/26 MP: 2/2
   679 | D:2      | Reached ** piety under Trog
   679 | D:2      | Reached XP level 3. HP: 32/33 MP: 3/3
   853 | D:2      | Reached skill level 4 in Fighting
   867 | D:2      | Found an iron altar of Okawaru.
   875 | D:2      | Reached skill level 1 in Short Blades
   875 | D:2      | Reached XP level 4. HP: 34/40 MP: 4/4
  1454 | D:3      | Noticed fleezle's ghost (amateur MiFi)
  1753 | D:3      | Mangled by fleezle's ghost

Skill      XL: |  1  2  3 |
---------------+----------+-----
Dodging        | 3 |  3.1
Fighting       | 4 |  4.2
Short Blades   | 1 |  1.4
Long Blades    | |  3.8
Stealth        | |  0.4

Action                   |  1- 3 |  4- 6 || total
-------------------------+-------+-------++-------
Melee: Falchion          |    40 |       ||    40
       Tailslap          |     8 |     7 ||    15
       Dagger            |    41 |    59 ||   100
 Stab: Sleeping          |     1 |     1 ||     2
  Eat: Chunk             |       |     2 ||     2
       Ration            |       |     1 ||     1
Armor: Skin              |    15 |     9 ||    24
Dodge: Dodged            |    48 |    54 ||   102
       Rpst.: Falchion   |     5 |       ||     5
